Map: Port Aleksander LE

Players

Awers - Winner!

  • Race: Terran Terran
  • Spawn Location: 5:00

Cronos

  • Race: Protoss Protoss
  • Spawn Location: 11:00

Event: 2019 WCS Spring

VOD

Have the link to the VOD?

Description

Time

  • Played on: May 17, 2019, 7:25 a.m.
  • Length: 7:40

All games in this series

Show
View Real Time Build Order
Export as new Build Order

Awers Terran - Winner!

Build Orders: 1/1/1 

Get SALT Encoding   

  12  0:00  SCV  
  13  0:13  SCV  
  14  0:18  Supply Depot  
  14  0:25  SCV  
  15  0:29  Refinery  
  15  0:39  SCV  
  16  0:45  Barracks  
  16  0:51  SCV  
  16  0:56  Refinery  
  17  1:03  SCV  
  18  1:16  SCV  
  19  1:34  Orbital Command  
  19  1:36  Factory  
  19  1:39  Barracks Reactor  
  19  1:49  Supply Depot  
  19  2:00  SCV  
  20  2:12  SCV  
  21  2:16  Marine  
  21  2:17  Marine  
  21  2:20  Starport  
  23  2:23  Hellion  
  23  2:28  SCV  
  26  2:34  Supply Depot  
  26  2:40  Marine x2  
  28  2:46  Hellion  
  30  2:57  Fusion Core  
  30  3:02  Medivac  
  32  3:10  Hellion  
  34  3:13  Marine x2  
  36  3:21  Supply Depot  
  36  3:32  Factory Tech Lab  
  36  3:34  Starport Tech Lab  
  36  3:41  Marine x2  
  41  3:58  Battlecruiser  
  44  4:06  Marine x2  
  44  4:16  Siege Tank  
  47  4:20  Supply Depot  
  47  4:26  Marine  
  47  4:27  Marine  
  49  4:42  Supply Depot  
  49  4:44  Marine x2  
  51  4:49  Siege Tank  
  54  5:02  Banshee  
  51  5:10  Marine x2  
  53  5:28  Marine x2  
  55  5:35  Siege Tank  
  51  5:50  Marine  
  51  5:55  Bunker  
  48  5:57  Marine  
  46  6:08  Marine  
  46  6:09  Banshee  
  49  6:22  Siege Tank  
  52  6:26  Bunker  
  52  6:36  Marine x2  
  54  6:50  Engineering Bay  
  54  6:51  Bunker  
  54  6:52  Medivac  
  54  6:53  Marine x2  
  52  7:11  Marine x2  
  57  7:17  SCV  
Show
View Real Time Build Order
Export as new Build Order

Cronos Protoss 

Build Orders:  

Get SALT Encoding   

  12  0:00  Probe  
  13  0:15  Pylon  
  13  0:18  Probe  
  14  0:30  Probe  
  15  0:36  Gateway  
  15  0:38  Probe  
  16  0:48  Probe  
  16  0:49  Assimilator  
  17  1:00  Probe  
  18  1:12  Probe  
  19  1:24  Cybernetics Core  
  19  1:26  Probe  
  20  1:38  Probe  
  21  1:49  Nexus  
  21  1:53  Stalker  
  21  2:06  Warp Gate  
  21  2:07  Pylon  
  23  2:25  Stalker, Probe  
  26  2:31  Pylon  
  26  2:37  Probe  
  26  2:40  Assimilator  
  27  2:50  Stalker  
  29  2:58  Shield Battery  
  29  2:59  Probe  
  30  3:09  Probe x2  
  30  3:10  Twilight Council  
  32  3:17  Probe x2  
  32  3:25  Probe  
  34  3:34  Gateway  
  35  3:38  Gateway  
  35  3:44  Gateway  
  35  3:57  Stalker  
  34  4:18  Probe  
  34  4:21  Probe  
  36  4:26  Probe  
  37  4:33  Probe  
  37  4:34  Pylon  
  37  4:35  Probe  
  37  4:36  Stalker x2  
  42  4:45  Probe  
  44  4:47  Probe  
  44  4:50  Pylon  
  45  4:57  Probe  
  45  4:59  Probe  
  47  5:08  Gateway  
  47  5:09  Probe  
  47  5:10  Gateway  
  47  5:11  Probe  
  47  5:12  Pylon  
  47  5:19  Stalker x3  
  47  5:20  Stalker  
  48  5:29  Charge  
  48  5:30  Probe  
  49  5:41  Probe  
  50  5:44  Zealot x3  
  54  5:55  Zealot  
  42  6:09  Stalker x3  
  44  6:13  Probe  
  39  6:24  Probe  
  39  6:25  Zealot  
  42  6:29  Pylon  
  40  6:39  Zealot x4  
  36  7:02  Stalker x4  
  36  7:07  Shield Battery  
  36  7:08  Shield Battery  
  44  7:22  Zealot  
  44  7:23  Pylon  
  44  7:27  Zealot  
  44  7:28  Zealot x2  
Tags
 
Add a new tag
Caveats
  • Supply blocks, unpowered buildings, or Contaminate may cause inaccurate times.
  • Supply counts are checked every 10 seconds.